| TOP OF THE 1ST |
|
Oakland Athletics batting - Pitching for Kansas City Royals : LHP Dave LaPoint
|
|
Pitching: LHP Dave LaPoint
|
|
|
Batting: SHB Mike Turgeon
|
0-0: Called Strike 0-1: Ball 1-1: Ball 2-1: Swinging Strike 2-2: Strikes out looking
|
|
Batting: LHB Ruppert Jones
|
0-0: Ball 1-0: Foul Ball, location: 2F 1-1: Ball 2-1: Called Strike 2-2: Fly out, F9 (Flyball, 9LS, EV 78.8 MPH)
|
|
Batting: RHB Dave Henderson
|
0-0: Foul Ball, location: 2F 0-1: Foul Ball, location: 2F 0-2: Fly out, F9 (Flyball, 89M, EV 95.6 MPH)
|
| Top of the 1st over - 0 runs, 0 hits, 0 errors, 0 left on base; Oakland 0 - Kansas City 0 |
| BOTTOM OF THE 1ST |
|
Kansas City Royals batting - Pitching for Oakland Athletics : RHP Ron G Davis
|
|
Pitching: RHP Ron G Davis
|
|
|
Batting: RHB Rickey Henderson
|
0-0: Bunt for hit to 2L - play at first, batter OUT! 2-3
|
|
Batting: LHB Gene Richards
|
0-0: Fly out, F9 (Flyball, 9D, EV 85.6 MPH)
|
|
Batting: RHB Jeffrey Leonard
|
0-0: Hit by Pitch
|
|
Batting: RHB Bob Horner
|
0-0: Called Strike Jeffrey Leonard steals 2nd base 0-1: Foul Ball, location: 2F 0-2: Strikes out swinging
|
| Bottom of the 1st over - 0 runs, 0 hits, 0 errors, 1 left on base; Oakland 0 - Kansas City 0 |
| TOP OF THE 2ND |
|
Oakland Athletics batting - Pitching for Kansas City Royals : LHP Dave LaPoint
|
|
Batting: LHB Reggie Jackson
|
0-0: Called Strike 0-1: Swinging Strike 0-2: Ball 1-2: Strikes out swinging
|
|
Batting: LHB Ben Oglivie
|
0-0: Ball 1-0: Ball 2-0: Called Strike 2-1: Fly out, F8 (Line Drive, 8LM, EV 106.3 MPH)
|
|
Batting: RHB Barry Evans
|
0-0: Called Strike 0-1: Foul Ball, location: 2F 0-2: Ball 1-2: Strikes out swinging
|
| Top of the 2nd over - 0 runs, 0 hits, 0 errors, 0 left on base; Oakland 0 - Kansas City 0 |
| BOTTOM OF THE 2ND |
|
Kansas City Royals batting - Pitching for Oakland Athletics : RHP Ron G Davis
|
|
Batting: RHB Gary Carter
|
0-0: Ball 1-0: Swinging Strike 1-1: Ball 2-1: Fly out, F8 (Line Drive, 8RD, EV 96.9 MPH)
|
|
Batting: LHB Jim Eisenreich
|
0-0: DOUBLE (Flyball, 8LXD, EV 96.9 MPH)
|
|
Batting: LHB Rick Manning
|
0-0: Called Strike 0-1: Ball Wild Pitch! Jim Eisenreich to third 1-1: Ball 2-1: SINGLE (Groundball, 6D, EV 93.8 MPH) Jim Eisenreich scores
|
|
Batting: RHB Lloyd McClendon
|
0-0: Ball 1-0: Called Strike 1-1: Foul Ball, location: 2F 1-2: Ball 2-2: Ball 3-2: Strikes out looking Rick Manning is caught stealing 2nd base 2-4 Batter strikes out.
|
| Bottom of the 2nd over - 1 run, 2 hits, 0 errors, 0 left on base; Oakland 0 - Kansas City 1 |
| TOP OF THE 3RD |
|
Oakland Athletics batting - Pitching for Kansas City Royals : LHP Dave LaPoint
|
|
Batting: RHB Willie Darkis
|
0-0: Called Strike 0-1: Swinging Strike 0-2: Strikes out swinging
|
|
Batting: RHB Barry Foote
|
0-0: SINGLE (Line Drive, 56D, EV 95.0 MPH)
|
|
Batting: RHB Fred Andrews
|
0-0: Ball 1-0: Swinging Strike 1-1: Ball 2-1: Fielders Choice at 2nd, 5-4 (Groundball, 56S, EV 92.5 MPH)
|
|
Batting: SHB Mike Turgeon
|
0-0: Ball 1-0: DOUBLE (Groundball, 5L, EV 107.5 MPH) Fred Andrews to third Runner from 3rd tries for Home, SAFE, throw by LF to trailing runner, SAFE at third!
|
|
Batting: LHB Ruppert Jones
|
0-0: Foul Ball, location: 2F 0-1: Ball 1-1: Ball 2-1: Swinging Strike 2-2: Strikes out swinging
|
| Top of the 3rd over - 1 run, 2 hits, 0 errors, 1 left on base; Oakland 1 - Kansas City 1 |
| BOTTOM OF THE 3RD |
|
Kansas City Royals batting - Pitching for Oakland Athletics : RHP Ron G Davis
|
|
Batting: RHB Alberto Gonzalez
|
0-0: Foul Ball, location: 2F 0-1: Ball 1-1: Foul Ball, location: 2F 1-2: Ball 2-2: Fly out, F7 (Flyball, 78M, EV 87.5 MPH)
|
|
Batting: RHB Rickey Henderson
|
0-0: Ball 1-0: Ball 2-0: Called Strike 2-1: Ball 3-1: Swinging Strike 3-2: Strikes out swinging
|
|
Batting: LHB Gene Richards
|
0-0: SINGLE (Flyball, 8RM, EV 92.5 MPH)
|
|
Batting: RHB Jeffrey Leonard
|
0-0: Ball 1-0: Called Strike 1-1: Called Strike 1-2: Strikes out looking
|
| Bottom of the 3rd over - 0 runs, 1 hit, 0 errors, 1 left on base; Oakland 1 - Kansas City 1 |
| TOP OF THE 4TH |
|
Oakland Athletics batting - Pitching for Kansas City Royals : LHP Dave LaPoint
|
|
Batting: RHB Dave Henderson
|
0-0: Ball 1-0: Foul Ball, location: 2F 1-1: Swinging Strike 1-2: SINGLE (Groundball, 56D, EV 95.6 MPH)
|
|
Batting: LHB Reggie Jackson
|
0-0: Called Strike 0-1: Fly out, F9 (Flyball, 9, EV 91.3 MPH)
|
|
Batting: LHB Ben Oglivie
|
0-0: Called Strike 0-1: Called Strike 0-2: Strikes out swinging
|
|
Batting: RHB Barry Evans
|
0-0: Ball 1-0: Foul Ball, location: 2F 1-1: Swinging Strike 1-2: Ball 2-2: Foul Ball, location: 2F 2-2: Fly out, F7 (Line Drive, 7, EV 100.0 MPH)
|
| Top of the 4th over - 0 runs, 1 hit, 0 errors, 1 left on base; Oakland 1 - Kansas City 1 |
| BOTTOM OF THE 4TH |
|
Kansas City Royals batting - Pitching for Oakland Athletics : RHP Ron G Davis
|
|
Batting: RHB Bob Horner
|
0-0: SOLO HOME RUN (Flyball, 78XD, EV 110.0 MPH), Distance : 425 ft
|
|
Batting: RHB Gary Carter
|
0-0: Ball 1-0: Swinging Strike 1-1: Fly out, F8 (Line Drive, 8RD, EV 94.4 MPH)
|
|
Batting: LHB Jim Eisenreich
|
0-0: Ball 1-0: Foul Ball, location: 2F 1-1: Swinging Strike 1-2: SOLO HOME RUN (Line Drive, 89XD, EV 104.4 MPH), Distance : 408 ft
|
|
Batting: LHB Rick Manning
|
0-0: Foul Ball, location: 2F 0-1: Ball 1-1: Ball 2-1: Ball 3-1: Base on Balls
|
|
Batting: RHB Lloyd McClendon
|
0-0: Ball 1-0: Ball 2-0: Ball 3-0: Called Strike 3-1: Called Strike 3-2: Ground out 6-3 (Groundball, 4MD, EV 85.0 MPH) Rick Manning to second
|
|
Batting: RHB Alberto Gonzalez
|
0-0: Fly out, F9 (Flyball, 9D, EV 104.4 MPH)
|
| Bottom of the 4th over - 2 runs, 2 hits, 0 errors, 1 left on base; Oakland 1 - Kansas City 3 |
| TOP OF THE 5TH |
|
Oakland Athletics batting - Pitching for Kansas City Royals : LHP Dave LaPoint
|
|
Batting: RHB Willie Darkis
|
0-0: Foul Ball, location: 2F 0-1: Ball 1-1: Swinging Strike 1-2: Foul Ball, location: 2F 1-2: Ball 2-2: Ball 3-2: Ground out 6-3 (Groundball, 56, EV 86.3 MPH)
|
|
Batting: RHB Barry Foote
|
0-0: Called Strike 0-1: Ball 1-1: Called Strike 1-2: Foul Ball, location: 2F 1-2: Ground out 6-3 (Groundball, 6, EV 83.1 MPH)
|
|
Batting: RHB Fred Andrews
|
0-0: Ball 1-0: Ground out 6-3 (Groundball, 56, EV 111.9 MPH)
|
| Top of the 5th over - 0 runs, 0 hits, 0 errors, 0 left on base; Oakland 1 - Kansas City 3 |
| BOTTOM OF THE 5TH |
|
Kansas City Royals batting - Pitching for Oakland Athletics : RHP Ron G Davis
|
|
Batting: RHB Rickey Henderson
|
0-0: Called Strike 0-1: Foul Ball, location: 2F 0-2: Foul Ball, location: 2F 0-2: Ball 1-2: Ball 2-2: Fly out, F8 (Flyball, 89D, EV 103.1 MPH)
|
|
Batting: LHB Gene Richards
|
0-0: Swinging Strike 0-1: Ball 1-1: Ball 2-1: Called Strike 2-2: Foul Ball, location: 2F 2-2: Strikes out swinging
|
|
Batting: RHB Jeffrey Leonard
|
0-0: SINGLE (Groundball, 56, EV 100.0 MPH) (infield hit)
|
|
Batting: RHB Bob Horner
|
0-0: Ball Jeffrey Leonard is caught stealing 2nd base 2-4
|
| Bottom of the 5th over - 0 runs, 1 hit, 0 errors, 0 left on base; Oakland 1 - Kansas City 3 |
| TOP OF THE 6TH |
|
Oakland Athletics batting - Pitching for Kansas City Royals : LHP Dave LaPoint
|
|
Batting: SHB Mike Turgeon
|
0-0: Fly out, F8 (Flyball, 8RS, EV 76.3 MPH)
|
|
Batting: LHB Ruppert Jones
|
0-0: Ball 1-0: Swinging Strike 1-1: Ball 2-1: Ball 3-1: Base on Balls
|
|
Batting: RHB Dave Henderson
|
0-0: Fielders Choice at 2nd, 1-4 (Groundball, 15S, EV 66.9 MPH)
|
|
Batting: LHB Reggie Jackson
|
0-0: Ball 1-0: SINGLE (Flyball, 56D, EV 90.6 MPH) Dave Henderson to second
|
|
Batting: LHB Ben Oglivie
|
0-0: Fly out, F9 (Flyball, 9LS, EV 87.5 MPH)
|
| Top of the 6th over - 0 runs, 1 hit, 0 errors, 2 left on base; Oakland 1 - Kansas City 3 |
| BOTTOM OF THE 6TH |
|
Kansas City Royals batting - Pitching for Oakland Athletics : RHP Ron G Davis
|
|
Batting: RHB Bob Horner
|
0-0: Ball 1-0: Called Strike 1-1: Ball 2-1: Foul Ball, location: 2F 2-2: Strikes out looking
|
|
Batting: RHB Gary Carter
|
0-0: Swinging Strike 0-1: Ball 1-1: Ball 2-1: SINGLE (Groundball, 34, EV 94.4 MPH)
|
|
Batting: LHB Jim Eisenreich
|
0-0: Ball 1-0: Grounds into double play, 5-4-3 (Groundball, 56S, EV 79.4 MPH)
|
| Bottom of the 6th over - 0 runs, 1 hit, 0 errors, 0 left on base; Oakland 1 - Kansas City 3 |
| TOP OF THE 7TH |
|
Oakland Athletics batting - Pitching for Kansas City Royals : LHP Dave LaPoint
|
|
Batting: RHB Barry Evans
|
0-0: Ball 1-0: Fly out, F8 (Flyball, 8LXD, EV 100.6 MPH)
|
|
Batting: RHB Willie Darkis
|
0-0: Swinging Strike 0-1: Called Strike 0-2: Ball 1-2: Ball 2-2: Ball 3-2: Strikes out swinging
|
|
Batting: RHB Barry Foote
|
0-0: Called Strike 0-1: Ball 1-1: Ball 2-1: Fly out, F8 (Flyball, 8LM, EV 83.1 MPH)
|
| Top of the 7th over - 0 runs, 0 hits, 0 errors, 0 left on base; Oakland 1 - Kansas City 3 |
| BOTTOM OF THE 7TH |
|
Kansas City Royals batting - Pitching for Oakland Athletics : RHP Ron G Davis
|
|
Batting: LHB Rick Manning
|
0-0: Ball 1-0: SINGLE (Line Drive, 3, EV 98.8 MPH)
|
|
Batting: RHB Lloyd McClendon
|
0-0: Fly out, F9 (Flyball, 9, EV 96.3 MPH)
|
|
Batting: RHB Alberto Gonzalez
|
0-0: Called Strike 0-1: Fly out, F7 (Flyball, 7S, EV 93.1 MPH)
|
|
Batting: RHB Rickey Henderson
|
0-0: Ball Rick Manning steals 2nd base (no throw) 1-0: Called Strike 1-1: Called Strike 1-2: Ball 2-2: Strikes out swinging
|
| Bottom of the 7th over - 0 runs, 1 hit, 0 errors, 1 left on base; Oakland 1 - Kansas City 3 |
| TOP OF THE 8TH |
|
Oakland Athletics batting - Pitching for Kansas City Royals : LHP Dave LaPoint
|
|
Batting: RHB Fred Andrews
|
0-0: Called Strike 0-1: Ball 1-1: Foul Ball, location: 2F 1-2: Foul Ball, location: 2F 1-2: Ground out 5-3 (Groundball, 5, EV 100.6 MPH)
|
|
Batting: SHB Mike Turgeon
|
0-0: Swinging Strike 0-1: Ball 1-1: Called Strike 1-2: Strikes out looking
|
|
Batting: LHB Ruppert Jones
|
0-0: Foul Ball, location: 2F 0-1: Swinging Strike 0-2: Fly out, F8 (Flyball, 8RS, EV 78.1 MPH)
|
| Top of the 8th over - 0 runs, 0 hits, 0 errors, 0 left on base; Oakland 1 - Kansas City 3 |
| BOTTOM OF THE 8TH |
|
Kansas City Royals batting - Pitching for Oakland Athletics : RHP Ron G Davis
|
|
Batting: LHB Gene Richards
|
0-0: Ball 1-0: Ball 2-0: Foul Ball, location: 2F 2-1: Swinging Strike 2-2: Ground out 5-3 (Groundball, 5, EV 80.6 MPH)
|
|
Batting: RHB Jeffrey Leonard
|
0-0: Swinging Strike 0-1: Swinging Strike 0-2: Ground out 4-3 (Groundball, 4, EV 83.1 MPH)
|
|
Batting: RHB Bob Horner
|
0-0: Foul Ball, location: 2F 0-1: Ball 1-1: Foul Ball, location: 2F 1-2: Ball 2-2: Strikes out swinging
|
| Bottom of the 8th over - 0 runs, 0 hits, 0 errors, 0 left on base; Oakland 1 - Kansas City 3 |
| TOP OF THE 9TH |
|
Oakland Athletics batting - Pitching for Kansas City Royals : LHP Dave LaPoint
|
|
Now at C: Charlie O'Brien
|
|
|
Now in LF: Kerry Dineen
|
|
|
Batting: RHB Dave Henderson
|
0-0: Ball 1-0: Called Strike 1-1: Foul Ball, location: 2F 1-2: Foul Ball, location: 2F 1-2: Strikes out swinging
|
|
Batting: LHB Reggie Jackson
|
0-0: Fly out, F8 (Flyball, 8RM, EV 91.9 MPH)
|
|
Batting: LHB Ben Oglivie
|
0-0: Fly out, F7 (Flyball, 7, EV 90.6 MPH)
|
| Top of the 9th over - 0 runs, 0 hits, 0 errors, 0 left on base; Oakland 1 - Kansas City 3 |
|